 Dungeon Crawl Stone Soup version 0.30-a0-840-ga523dec638 (webtiles) character file.

Game seed: 750738800293585496

161 zenocrate the Insei (level 5, -4/33 HPs)
             Began as an Octopode Transmuter on Mar 1, 2023.
             Slain by an ogre
             ... wielding a +0 giant spiked club
              (18 damage)
             ... on level 4 of the Dungeon.
             The game lasted 00:02:23 (3189 turns).

zenocrate the Insei (Octopode Transmuter)           Turns: 3189, Time: 00:02:24

Health: -4/33      AC:  1    Str:  5    XL:     5   Next: 42%
Magic:  5/8        EV: 13    Int: 17    God:
Gold:   123        SH:  0    Dex: 18    Spells: 1/8 levels left

rFire   . . .      SeeInvis .      - Unarmed
rCold   . . .      Faith    .    (no shield)
rNeg    . . .      Spirit   .    (helmet currently unavailable)
rPois   +          Reflect  .    (no amulet)
rElec   +          Harm     .    c - ring "Seij Tyu" {rElec rPois rCorr Str-5 Dex+6}
rCorr   +          Rampage  .    (no ring)
Will    .....                    (no ring)
Stlth   +++                      (no ring)
HPRegen 0.25/turn                (no ring)
MPRegen 0.11/turn                (no ring)
                                 (no ring)
                                 (no ring)

@: appendages, wereblooded
A: tentacle spike 3, almost no armour, amphibious, 8 rings, camouflage 1,
gelatinous body 1, (nimble swimmer 1), tentacles
a: End Transformation


You were on level 4 of the Dungeon.
One of your tentacles had grown a beastly spike.
You visited 1 branch of the dungeon, and saw 4 of its levels.

You collected 123 gold pieces.

Inventory:

Missiles
 b - 5 javelins
Jewellery
 c - the ring "Seij Tyu" (left tentacle) {rElec rPois rCorr Str-5 Dex+6}
   (You acquired it on level 2 of the Dungeon)

   [ring of dexterity]

   Str:       It affects your strength (-5).
   Dex:       It affects your dexterity (+6).
   rElec:     It insulates you from electricity.
   rPois:     It protects you from poison.
   rCorr:     It protects you from acid and corrosion.
Wands
 n - a wand of flame (21)
Scrolls
 d - 2 scrolls of fog
 e - 2 scrolls of teleportation {unknown}
 f - a scroll of identify
 i - a scroll of amnesia {unknown}
 j - a scroll of poison {unknown}
 k - a scroll of magic mapping {unknown}
Potions
 a - 2 potions of lignification
 g - a potion of heal wounds
 h - 2 potions of ambrosia
 l - a potion of resistance {unknown}
 m - a potion of cancellation {unknown}


   Skills:
 - Level 1.0 Fighting
 - Level 2.0 Dodging
 - Level 1.1 Stealth
 + Level 4.1 Unarmed Combat
 - Level 2.0 Spellcasting
 + Level 3.4 Transmutations
 + Level 2.5 Ice Magic


You had one spell level left.
You knew the following spells:

 Your Spells              Type           Power      Damage    Failure   Level
a - Wereblood             Tmut           13%        N/A       7%          2
b - Beastly Appendage     Tmut           26%        N/A       4%          1
c - Ice Form              Ice/Tmut       11%        N/A       50%         4

Your spell library contained the following spells:

 Spells                   Type           Power      Damage    Failure   Level
 Spider Form              Tmut/Pois      7%         N/A       28%         3


Dungeon Overview and Level Annotations

Branches:
Dungeon (4/15)             Temple (0/1) D:4

Altars:


Innate Abilities, Weirdness & Mutations

One of your tentacles has grown a beastly spike.
You cannot wear most types of armour.
You are amphibious.
You can wear up to eight rings at the same time.
Your skin changes colour to match your surroundings (Stealth+).
Your rubbery body absorbs attacks. (AC +1, EV +1)
((You are camouflaged when in or above water. (Stealth+)))
You have tentacles for arms and can constrict up to eight enemies at once.


Message History

Things that are here:
a +0 halberd; a +0 robe You see here a dart slug corpse.
An ogre comes into view. It is wielding a +0 giant spiked club.
An ogre is nearby!
Aiming: Throw Flame
Press: ? - help, Shift-Dir - straight line, f - ogre
Aim: an ogre, wielding a +0 giant spiked club (85% to hit)
The puff of flame hits the ogre.
The ogre is lightly wounded.
Casting: Beastly Appendage (safe; 4% risk of failure)
Confirm with . or Enter, or press ? or * to list all spells.
Your blood is infused with primal strength.
Casting: Wereblood (safe; 7% risk of failure)
Confirm with . or Enter, or press ? or * to list all spells.
One of your tentacles grows a vicious spike.
The ogre hits you with a +0 giant spiked club!!
Ouch! That really hurt!
* * * LOW HITPOINT WARNING * * *
You feel much better.
You tentacle-slap the ogre but do no damage.
Your tentacle spike misses the ogre.
Your squeeze misses the ogre.
The ogre is lightly wounded.
The ogre hits you with a +0 giant spiked club!!
Ouch! That really hurt!
* * * LOW HITPOINT WARNING * * *
You feel much better. The ogre closely misses you.
You tentacle-slap the ogre.
Your tentacle spike misses the ogre.
The ogre is moderately wounded.
You tentacle-slap the ogre.
The ogre is heavily wounded.
The ogre hits you with a +0 giant spiked club!!
Ouch! That really hurt!
You tentacle-slap the ogre.
The ogre is severely wounded.
You closely miss the ogre.
You pierce the ogre.
The ogre is severely wounded.
The ogre hits you with a +0 giant spiked club!!
Ouch! That really hurt!
You die...

##..#..........
#...##†<....###
#.#....)......#
#..##..#...##..
##..##..####
#..###..###
####.## .....
#.....#..>...#
#.###@O.....#..
# #...##^## .
#..## ## ....
..... #.#...#
#. ..## .. ..#


You could see an ogre.

Vanquished Creatures
  Blork the orc (D:4)
  4 gnolls
  2 adders
  An ufetubus (D:4)
  2 dart slugs
  An endoplasm (D:1)
  2 giant cockroaches (D:1)
  3 goblins
  4 hobgoblins
  3 kobolds
  4 quokkas
  2 ball pythons
  3 bats
  3 rats
35 creatures vanquished.

Notes
Turn   | Place    | Note
-------+----------+-------------------------------------------
     0 | D:1      | zenocrate the Octopode Transmuter began the quest for the
                  | Orb.
     0 | D:1      | Reached XP level 1. HP: 13/13 MP: 3/3
   157 | D:1      | Reached skill level 1 in Stealth
   157 | D:1      | Reached XP level 2. HP: 11/18 MP: 3/5
   305 | D:1      | Learned a level 2 spell: Wereblood
   597 | D:1      | Reached skill level 1 in Ice Magic
   949 | D:1      | Found a faded altar of an unknown god.
  1277 | D:2      | Reached XP level 3. HP: 23/23 MP: 2/6
  1511 | D:2      | Reached XP level 4. HP: 28/28 MP: 3/7
  2091 | D:2      | Identified a scroll of acquirement
  2092 | D:2      | Acquired the ring "Seij Tyu" {rElec rPois rCorr Str-5
                  | Dex+6}
  2100 | D:2      | Learned a level 4 spell: Ice Form
  2991 | D:4      | Found a staircase to the Ecumenical Temple.
  2992 | D:4      | Noticed Blork the orc
  3110 | D:4      | Killed Blork the orc
  3111 | D:4      | Reached skill level 4 in Unarmed Combat
  3111 | D:4      | Reached XP level 5. HP: 33/33 MP: 5/8
  3179 | D:4      | Noticed an ogre
  3189 | D:4      | Slain by an ogre

Illustrated notes

Levels and vault maps discovered:
D:1:      reono_arrival_mine, layout_basic, basic_ecumenical_altar
D:2:      layout_basic, minmay_misc_feat_plants
D:3:      layout_basic, kennysheep_generic_room_12
D:4:      layout_loops_corners, minmay_temple_entry_wispy,
          kennysheep_orc_chapel, uniq_blork_the_orc

Skill      XL: |  1  2  3  4 |
---------------+-------------+-----
Stealth        | 1 |  1.1
Ice Magic      | 1 2 |  2.5
Transmutations | 3 |  3.4
Unarmed Combat | 4 |  4.1
Fighting       | |  1.0
Dodging        | |  2.0
Spellcasting   | |  2.0

Action                     |  1- 3 |  4- 6 || total
---------------------------+-------+-------++-------
  Melee: Unarmed           |    42 |    46 ||    88
         Kick              |    18 |    16 ||    34
         Constrict         |    13 |     8 ||    21
         Tentacles         |     9 |     7 ||    16
         Punch             |       |     2 ||     2
   Cast: Beastly Appendage |    13 |    12 ||    25
         Wereblood         |     9 |    13 ||    22
  Evoke: Wand              |       |     1 ||     1
    Use: Scroll            |       |     5 ||     5
         Potion            |       |     3 ||     3
   Stab: Sleeping          |       |     1 ||     1
 Armour: Skin              |     2 |    15 ||    17
  Dodge: Dodged            |    24 |    19 ||    43

Table legend: (Time is in decaauts)
 A = Elapsed time spent in this place.
 B = Non-inter-level travel time spent in this place.
 C = Inter-level travel time spent in this place.
 D = Time resting spent in this place.
 E = Time spent auto-exploring this place.
 F = Levels seen in this place.
 G = Mean time per level.
                   A        B        C        D        E       F      G
               +--------+--------+--------+--------+--------+-----+--------+
         Total |   3183 |   3029 |    154 |      3 |   2721 |   4 |  795.8 |
       Dungeon |   3183 |   3029 |    154 |      3 |   2721 |   4 |  795.8 |
               +--------+--------+--------+--------+--------+-----+--------+

Top non-repeatable levels by time:
     D:1: 1195 daAuts
     D:3: 954 daAuts
     D:2: 930 daAuts
     D:4: 102 daAuts
